[Event "Titled Tuesday Blitz September 20 Late 2022"]
[White "Riehle, Marco"]
[Black "Shandrygin, Nikita"]
[WhiteFideId "12904392"]
[BlackFideId "24198668"]
[WhiteElo "2462"]
[BlackElo "2323"]
[Result "1-0"]
[Round "09"]
[TimeControl "180+1"]
[Date "2022.09.20"]
[WhiteClock "0:02:13"]
[BlackClock "0:00:07"]

1. e4 c5 2. a3 e6 3. b4 cxb4 4. axb4 Bxb4 5. Bb2 Nf6 6. e5 Nd5 7. c4 Nc7 8. Qg4 O-O 9. Nf3 Nc6 10. Bd3 Be7 11. h4 f5 12. exf6 Bxf6 13. Bxh7+ Kxh7 14. Qh5+ Kg8 15. Ng5 Re8 16. Qf7+ Kh8 17. Qg6 Kg8 18. Nc3 Ne5 19. Qh7+ Kf8 20. Ba3+ d6 21. Nce4 Nxc4 22. Rh3 Nxa3 23. Raxa3 Nd5 24. Raf3 Qc7 25. Nxf6 Qc1+ 26. Ke2 1-0


[Site "https://www.chess.com"]

[Event "Titled Tuesday Blitz September 20 Late 2022"]
[White "Safarli, Eltaj"]
[Black "Bluebaum, Matthias"]
[WhiteFideId "13402129"]
[BlackFideId "24651516"]
[WhiteElo "2634"]
[BlackElo "2633"]
[Result "1-0"]
[Round "09"]
[TimeControl "180+1"]
[Date "2022.09.20"]
[WhiteClock "0:01:44"]
[BlackClock "0:00:03"]

1. e4 e6 2. d4 d5 3. Nd2 c5 4. Ngf3 cxd4 5. exd5 Qxd5 6. g3 Bd7 7. Bc4 Qd6 8. O-O Bc6 9. Nb3 Bxf3 10. Qxf3 Nc6 11. Bf4 Qd7 12. Rad1 a6 13. c3 Nge7 14. Nxd4 Nxd4 15. Rxd4 Qc6 16. Qe2 Nf5 17. Re4 Be7 18. Bxe6 fxe6 19. Rxe6 Qb5 20. c4 Qd7 21. Rd1 Qc8 22. Bg5 O-O 23. Bxe7 Re8 24. Re5 Rxe7 25. Rxe7 Nxe7 26. Qxe7 Qxc4 27. Qxb7 Rf8 28. Qd5+ Qxd5 29. Rxd5 Rc8 30. b4 Rc6 31. a4 Kf7 32. Kg2 Rb6 33. Rd4 Ke6 34. f4 Rc6 35. Kf3 Rc3+ 36. Ke4 Rb3 37. Rc4 Kd6 38. Rd4+ Ke6 39. f5+ Ke7 40. Kf4 Rb2 41. h4 Rf2+ 42. Ke5 Rb2 43. g4 1-0


[Site "https://www.chess.com"]

[Event "Titled Tuesday Blitz September 20 Late 2022"]
[White "Sokolovsky, Yahli"]
[Black "Donchenko, Alexander"]
[WhiteFideId "2820242"]
[BlackFideId "24603295"]
[WhiteElo "1920"]
[BlackElo "2572"]
[Result "0-1"]
[Round "09"]
[TimeControl "180+1"]
[Date "2022.09.20"]
[WhiteClock "0:01:17"]
[BlackClock "0:02:23"]

1. b3 Nf6 2. Bb2 g6 3. Nf3 Bg7 4. g3 b6 5. Bg2 Bb7 6. O-O O-O 7. d4 c5 8. c4 cxd4 9. Nxd4 Bxg2 10. Kxg2 d6 11. Nd2 Qc7 12. N2f3 Nbd7 13. Rc1 a6 14. Kg1 Qb7 15. Qd2 Rfc8 16. Qe3 Nc5 17. Rfd1 b5 18. Rc2 e5 19. Nf5 gxf5 20. Rxd6 Nce4 21. Nxe5 Nxd6 0-1


[Site "https://www.chess.com"]

[Event "Titled Tuesday Blitz September 20 Late 2022"]
[White "Tanenbaum, Zachary"]
[Black "Kamsky, Gata"]
[WhiteFideId "2060850"]
[BlackFideId "2000024"]
[WhiteElo "2175"]
[BlackElo "2666"]
[Result "0-1"]
[Round "09"]
[TimeControl "180+1"]
[Date "2022.09.20"]
[WhiteClock "0:00:12"]
[BlackClock "0:00:31"]

1. e4 c5 2. Nf3 e6 3. d4 cxd4 4. Nxd4 a6 5. Bd3 Bc5 6. Nb3 Ba7 7. O-O Ne7 8. Nc3 O-O 9. Qe2 Nbc6 10. Be3 e5 11. Bxa7 Rxa7 12. Nd5 d6 13. c4 Nxd5 14. cxd5 Ne7 15. Rac1 Ra8 16. Rc2 f5 17. f3 Bd7 18. Qe3 fxe4 19. fxe4 Rxf1+ 20. Bxf1 Rc8 21. Qc1 Qb6+ 22. Kh1 Rxc2 23. Qxc2 Ba4 24. Bc4 Qc7 25. Bd3 Qb6 26. Bc4 h6 27. h3 Ng6 28. Qd2 Bxb3 29. Bxb3 Nf4 30. h4 Qc5 31. g3 Nh5 32. Kg2 Nf6 33. Qc2 Kf8 34. a4 Qxc2+ 35. Bxc2 a5 36. Kf3 Ke7 37. Ke3 Kd8 38. Kd3 Kc7 39. Kc4 Kb6 40. Bd3 Nh5 41. g4 Nf6 42. g5 hxg5 43. hxg5 Nh7 44. g6 Nf8 45. b4 Nxg6 46. bxa5+ Kxa5 47. Bc2 Ne7 48. Kd3 Ng8 49. Ke3 Nf6 50. Kd3 Kb4 51. Bd1 b6 52. Bc2 Nd7 53. Ke3 Nc5 54. Kf3 Kc3 55. Bd1 Kd2 56. Be2 Nxe4 0-1


[Site "https://www.chess.com"]

[Event "Titled Tuesday Blitz September 20 Late 2022"]
[White "Tari, Aryan"]
[Black "Perske, Thore"]
[WhiteFideId "1510045"]
[BlackFideId "12902195"]
[WhiteElo "2612"]
[BlackElo "2315"]
[Result "1-0"]
[Round "09"]
[TimeControl "180+1"]
[Date "2022.09.20"]
[WhiteClock "0:00:43"]
[BlackClock "0:00:11"]

1. c4 Nf6 2. Nc3 g6 3. e4 d6 4. d4 Bg7 5. Nf3 O-O 6. Be2 e5 7. d5 a5 8. Bg5 Na6 9. Nd2 Qe8 10. h4 h5 11. a3 Bd7 12. f3 Nh7 13. Be3 Qe7 14. g4 Kh8 15. Qc2 Nc5 16. gxh5 gxh5 17. O-O-O a4 18. Rdg1 Rg8 19. Rg5 Nxg5 20. hxg5 Rgf8 21. Qd1 f5 22. Rxh5+ Kg8 23. g6 f4 24. Bf2 Qf6 25. Qg1 Be8 26. Rg5 Bh6 27. Rg2 b6 28. Rg4 Bd7 29. Bh4 Qg7 30. Rg2 Rae8 31. Nb5 Bxb5 32. cxb5 Ra8 33. Nc4 Rac8 34. Kb1 Rce8 35. Rg4 Ra8 36. Bf1 Nb3 37. Bh3 Nd4 38. Bf2 Nxf3 39. Qh1 Ng5 40. Rxg5 Bxg5 41. Be6+ Rf7 42. gxf7+ Kf8 43. Nd2 Ke7 44. Nf3 Bf6 45. Qc1 Ra7 46. Qc6 Qg2 47. Qe8# 1-0


[Site "https://www.chess.com"]

[Event "Titled Tuesday Blitz September 20 Late 2022"]
[White "Tristan, Leonardo"]
[Black "Besedes, Danilo"]
[WhiteFideId "113816"]
[BlackFideId "946796"]
[WhiteElo "2404"]
[BlackElo "2352"]
[Result "1-0"]
[Round "09"]
[TimeControl "180+1"]
[Date "2022.09.20"]
[WhiteClock "0:00:12"]
[BlackClock "0:00:25"]

1. d4 e6 2. Nf3 Nf6 3. Bf4 Bd6 4. Bg3 b6 5. e3 Bb7 6. Nbd2 Ne4 7. Nxe4 Bxe4 8. Bd3 Bxd3 9. Qxd3 Nc6 10. e4 Bxg3 11. hxg3 d5 12. exd5 Qxd5 13. Rxh7 Rxh7 14. Qxh7 O-O-O 15. c3 e5 16. Qf5+ Kb7 17. Nxe5 Re8 18. Kf1 Nxe5 19. dxe5 Rxe5 20. Qf3 Kc6 21. Rd1 Qxf3 22. gxf3 Rf5 23. Kg2 Re5 24. Rd2 Re1 25. f4 a5 26. Kf3 Re7 27. f5 a4 28. Kf4 Kc5 29. g4 b5 30. Kg5 Kc4 31. Rd4+ Kc5 32. b4+ Kc6 33. Rd2 Re4 34. a3 Rc4 35. Rd3 Re4 36. f3 Re1 37. f4 Re4 38. Rf3 Kd5 39. f6 g6 40. f5 gxf5 41. Rxf5+ Kc6 42. Rc5+ Kb6 43. Kh5 Rf4 44. g5 Rf1 45. Kh6 Ra1 46. Kg7 Rg1 47. Kxf7 1-0


[Site "https://www.chess.com"]

[Event "Titled Tuesday Blitz September 20 Late 2022"]
[White "Vasquez Schroeder, Rodrigo"]
[Black "Livaic, Leon"]
[WhiteFideId "3400042"]
[BlackFideId "14531534"]
[WhiteElo "2577"]
[BlackElo "2540"]
[Result "1-0"]
[Round "09"]
[TimeControl "180+1"]
[Date "2022.09.20"]
[WhiteClock "0:00:20"]
[BlackClock "0:00:01"]

1. d4 Nf6 2. Nf3 b6 3. g3 Bb7 4. Bg2 e6 5. O-O Be7 6. b3 O-O 7. Bb2 d6 8. c4 Nbd7 9. Qc2 Be4 10. Qc1 Bb7 11. Nc3 Ne4 12. Qc2 Nxc3 13. Bxc3 Nf6 14. Nd2 Bxg2 15. Kxg2 d5 16. e4 c6 17. Rfe1 Rc8 18. Rad1 Qc7 19. Bb2 Qb7 20. e5 Nd7 21. cxd5 cxd5 22. Qd3 Rc6 23. Nf3 Rfc8 24. Re2 Nb8 25. Ne1 a5 26. h4 Qa6 27. a3 Qxd3 28. Nxd3 b5 29. Rc1 Rxc1 30. Nxc1 Nd7 31. Nd3 Nb6 32. Kf1 a4 33. b4 Nc4 34. Bc1 h6 35. Ke1 Kf8 36. Rc2 Ke8 37. h5 Kd7 38. Ke2 Rh8 39. f4 g6 40. Kf3 gxh5 41. Rh2 h4 42. g4 Rg8 43. Ne1 f6 44. Rh3 h5 45. gxh5 f5 46. Ng2 Rh8 47. Nxh4 Rxh5 48. Kg3 Rh8 49. Nf3 Rg8+ 50. Ng5 Rg6 51. Rh7 Ke8 52. Kh4 Kd7 53. Kh5 Rg8 54. Kh6 Kd8 55. Nxe6+ Ke8 56. Ng7+ Kf8 57. Nxf5 1-0


[Site "https://www.chess.com"]

[Event "Titled Tuesday Blitz September 20 Late 2022"]
[White "Winterberg, Lukas"]
[Black "Maksimovic, Bojan"]
[WhiteFideId "24622702"]
[BlackFideId "14408120"]
[WhiteElo "2349"]
[BlackElo "2447"]
[Result "0-1"]
[Round "09"]
[TimeControl "180+1"]
[Date "2022.09.20"]
[WhiteClock "0:00:02"]
[BlackClock "0:00:06"]

1. d4 Nf6 2. Nf3 g6 3. c4 Bg7 4. Nc3 O-O 5. e4 d6 6. Be2 Nbd7 7. Be3 e5 8. d5 Ng4 9. Bg5 f6 10. Bd2 a5 11. h3 Nh6 12. g4 Nc5 13. Be3 Bd7 14. Nd2 f5 15. gxf5 gxf5 16. Bxc5 dxc5 17. Qb3 b6 18. O-O-O fxe4 19. Ncxe4 Nf5 20. Rhg1 Kh8 21. Bg4 Bh6 22. Kb1 a4 23. Qd3 a3 24. b3 Nd4 25. Bxd7 Qxd7 26. Rg4 Bxd2 27. Qxd2 Qf5 28. Rdg1 Nf3 29. Qh6 Rf7 30. R1g3 Raf8 31. Kc1 Nd4 32. Kd1 Rb8 33. Rg7 Rbf8 34. Rxf7 Qxf7 35. Qg5 Nf3 36. Qh6 Nd4 37. Ke1 Nf3+ 38. Kf1 Nd4 39. Kg2 Nf5 40. Qg5 Nxg3 41. Qxe5+ Qg7 42. Qxg7+ Kxg7 43. Kxg3 Kg6 44. f4 Kf5 45. Kf3 Re8 46. Ng3+ Kg6 47. Ne4 h6 48. Kg4 h5+ 49. Kf3 Kf5 50. Ng3+ Kg6 51. Ne4 Re7 52. Ng3 Re1 53. f5+ Kg5 0-1


[Site "https://www.chess.com"]

[Event "Titled Tuesday Blitz September 20 Late 2022"]
[White "Yanchenko, Roman"]
[Black "Bok, Benjamin"]
[WhiteFideId "4137329"]
[BlackFideId "1017063"]
[WhiteElo "2514"]
[BlackElo "2658"]
[Result "1/2-1/2"]
[Round "09"]
[TimeControl "180+1"]
[Date "2022.09.20"]
[WhiteClock "0:00:04"]
[BlackClock "0:00:01"]

1. d4 Nf6 2. c4 e6 3. Nf3 d5 4. Nc3 c6 5. cxd5 exd5 6. Bg5 Be7 7. e3 Bf5 8. Qb3 Qb6 9. Qxb6 axb6 10. a3 Nbd7 11. Rc1 b5 12. Nd2 h6 13. Bh4 O-O 14. Be2 Nb6 15. g4 Bh7 16. g5 Ne8 17. Rg1 Nd6 18. Nf3 Nf5 19. Bg3 hxg5 20. Bc7 Nc4 21. Bxc4 bxc4 22. Nxg5 Bg6 23. Bf4 Nh4 24. Rg3 Rfe8 25. Nf3 Nxf3+ 26. Rxf3 b5 27. Rg3 b4 28. axb4 Bxb4 29. Kf1 Bd3+ 30. Kg2 f6 31. h4 Kf7 32. h5 Rh8 33. Rh3 Rh7 34. Rh2 Rah8 35. Ra1 Rxh5 36. Ra7+ Kg6 37. Rxh5 Rxh5 38. Rc7 Bxc3 39. bxc3 Kh7 40. Rxc6 g5 41. Bg3 Kg7 42. f3 f5 43. Be5+ Kg8 44. Rc8+ Kf7 45. Rc7+ Ke6 46. Rc6+ Ke7 47. Rd6 g4 48. fxg4 fxg4 49. Kg3 Be2 50. Rxd5 Rh3+ 51. Kf4 Rf3+ 52. Kg5 g3 53. Bxg3 Rxg3+ 54. Kf4 Rg4+ 55. Kf5 Rh4 56. e4 Bd3 57. Re5+ Kf7 58. d5 Rh5+ 59. Kf4 Rh4+ 60. Ke3 Rh3+ 61. Kd4 Be2 62. Rf5+ Ke7 63. e5 Rd3+ 64. Kc5 Rxc3 65. e6 Rd3 66. Rf7+ Ke8 67. d6 Bg4 68. d7+ Rxd7 69. Rf8+ Kxf8 70. exd7 Bxd7 71. Kxc4 1/2-1/2


[Site "https://www.chess.com"]

[Event "Titled Tuesday Blitz September 20 Late 2022"]
[White "Yurovskykh, Oleksandr"]
[Black "Koellner, Ruben Gideon"]
[WhiteFideId "14134020"]
[BlackFideId "12993093"]
[WhiteElo "2303"]
[BlackElo "2286"]
[Result "0-1"]
[Round "09"]
[TimeControl "180+1"]
[Date "2022.09.20"]
[WhiteClock "0:00:33"]
[BlackClock "0:01:27"]

1. d4 d6 2. Nf3 Nf6 3. Bg5 Nbd7 4. e3 h6 5. Bh4 e5 6. c4 Be7 7. Nc3 O-O 8. Be2 exd4 9. Nxd4 Nc5 10. O-O Nce4 11. Nxe4 Nxe4 12. Bxe7 Qxe7 13. Qc2 Nc5 14. b4 Ne6 15. Rfd1 Nxd4 16. Rxd4 Be6 17. Bf3 Qf6 18. Rad1 Rab8 19. a3 Qe7 20. g3 Rfe8 21. h4 Qf6 22. Bg2 Qe7 23. Bf3 Qf6 24. Bg2 Bf5 25. Qd2 Qe7 26. Qc3 Be6 27. Bd5 Qf6 28. c5 Bxd5 29. cxd6 cxd6 30. Qd2 Be4 31. Rxd6 Qf3 32. Kf1 Qh1+ 33. Ke2 Bf3+ 0-1


[Site "https://www.chess.com"]

[Event "Titled Tuesday Blitz September 20 Late 2022"]
[White "Zhigalko, Sergei"]
[Black "Perez Ponsa, Federico"]
[WhiteFideId "13502956"]
[BlackFideId "117927"]
[WhiteElo "2662"]
[BlackElo "2604"]
[Result "1-0"]
[Round "09"]
[TimeControl "180+1"]
[Date "2022.09.20"]
[WhiteClock "0:00:43"]
[BlackClock "0:01:56"]

1. e4 e5 2. Nf3 Nc6 3. Bb5 a6 4. Ba4 Nf6 5. O-O Be7 6. Re1 b5 7. Bb3 O-O 8. a4 Na5 9. Ba2 d5 10. d4 dxe4 11. Nxe5 c5 12. Bd2 cxd4 13. axb5 axb5 14. Bxa5 Rxa5 15. Nc6 Rxa2 16. Rxa2 Qc7 17. Nxe7+ Qxe7 18. Qxd4 Be6 19. Ra7 Qd8 20. Qxd8 Rxd8 21. h3 h5 22. Rb7 Bd7 23. Rd1 Rc8 24. Rdxd7 Nxd7 25. Rxd7 Rxc2 26. Nc3 b4 27. Nxe4 Rxb2 28. Ng5 g6 29. Rxf7 Rb1+ 30. Kh2 b3 31. Rb7 h4 32. Nf3 b2 33. Nxh4 g5 34. Nf3 1-0


[Site "https://www.chess.com"]

[Event "Titled Tuesday Blitz September 20 Late 2022"]
[White "Baskakov, Egor"]
[Black "Mihajlov, Sebastian"]
[WhiteFideId "24197866"]
[BlackFideId "1512110"]
[WhiteElo "2211"]
[BlackElo "2464"]
[Result "0-1"]
[Round "10"]
[TimeControl "180+1"]
[Date "2022.09.20"]
[WhiteClock "0:00:09"]
[BlackClock "0:00:14"]

1. e4 h6 2. g3 a6 3. Bg2 b5 4. d4 Bb7 5. Ne2 e6 6. O-O d5 7. e5 c5 8. c3 g6 9. Be3 Nd7 10. Nd2 Ne7 11. f4 Nf5 12. Bf2 h5 13. Nf3 Be7 14. h3 Qc7 15. Rc1 c4 16. Qd2 a5 17. Ng5 b4 18. b3 Nb6 19. Rc2 Qd7 20. Rfc1 Rc8 21. Nf3 bxc3 22. Nxc3 Ba3 23. Re1 Bb4 24. Rec1 a4 25. bxa4 Nxa4 26. g4 hxg4 27. hxg4 Bxc3 28. Rxc3 Nxc3 29. Qxc3 Ne7 30. Bh4 Nc6 31. Bf6 Rg8 32. Rb1 Qc7 33. Ng5 Rb8 34. Qh3 Ba6 35. Rd1 Rf8 36. Qh7 Qa7 37. Kh2 c3 38. f5 c2 39. fxg6 cxd1=Q 40. g7 Kd7 41. Nxe6 Rg8 42. Ng5 Qaxd4 43. Qf5+ Kc7 44. e6 Q4g1+ 45. Kg3 Qd3+ 46. Qxd3 Bxd3 47. exf7 Qe3+ 48. Kh4 Qf2+ 49. Kh5 Qxf6 50. fxg8=Q Rxg8 0-1


[Site "https://www.chess.com"]

[Event "Titled Tuesday Blitz September 20 Late 2022"]
[White "Besedes, Danilo"]
[Black "D`Arruda, Ricardo D."]
[WhiteFideId "946796"]
[BlackFideId "100692"]
[WhiteElo "2352"]
[BlackElo "2469"]
[Result "0-1"]
[Round "10"]
[TimeControl "180+1"]
[Date "2022.09.20"]
[WhiteClock "0:00:07"]
[BlackClock "0:00:26"]

1. d4 Nf6 2. Bf4 d6 3. e3 g6 4. c3 Bg7 5. Nd2 O-O 6. Ngf3 b6 7. h3 Bb7 8. Be2 Nbd7 9. O-O Re8 10. Bh2 e5 11. a3 e4 12. Ne1 a5 13. b4 axb4 14. cxb4 Nd5 15. Qc1 f5 16. Bc4 Kh8 17. Nc2 Qg5 18. b5 N7f6 19. Nb4 Nxb4 20. axb4 Rac8 21. Ra7 Bd5 22. Bxd5 Nxd5 23. Qc4 f4 24. exf4 Nxf4 25. Bxf4 Qxf4 26. Nb3 e3 27. fxe3 Qxe3+ 28. Kh1 Qg3 29. d5 Re3 30. Nd2 Be5 31. Kg1 Rd3 32. Nf3 Rc3 33. Qe4 Re8 34. Nxe5 Rxe5 35. Qd4 Rc2 36. Ra8+ Kg7 37. Qg4 Rxg2+ 38. Kh1 Rh2# 0-1


[Site "https://www.chess.com"]

[Event "Titled Tuesday Blitz September 20 Late 2022"]
[White "Caruana, Fabiano"]
[Black "Bortnyk, Olexandr"]
[WhiteFideId "2020009"]
[BlackFideId "14120828"]
[WhiteElo "3044"]
[BlackElo "2998"]
[Result "1/2-1/2"]
[Round "10"]
[TimeControl "180+1"]
[Date "2022.09.20"]
[WhiteClock "0:00:59"]
[BlackClock "0:00:09"]

1. c4 d6 2. Nc3 Nf6 3. g3 g6 4. Bg2 Bg7 5. Nf3 O-O 6. O-O Bf5 7. d3 c6 8. e4 Bd7 9. d4 Qc7 10. h3 Na6 11. Be3 e5 12. Rc1 Rfe8 13. d5 Nc5 14. Qc2 a5 15. Nd2 Nh5 16. Nb3 Nxb3 17. Qxb3 c5 18. Qd1 a4 19. Kh2 Qa5 20. Bf3 Nf6 21. Kg2 Qb4 22. Qd3 Rf8 23. Bd2 Qb6 24. Be2 Ne8 25. Rb1 f5 26. b3 a3 27. f3 Nc7 28. g4 Na6 29. Be3 Nb4 30. Qd2 f4 31. Bf2 Bf6 32. h4 Bd8 33. Rh1 h6 34. Be1 Qa6 35. Rc1 Ba5 36. Qd1 Qb6 37. Bd2 Qd8 38. h5 g5 39. Be1 Qe7 40. Bd3 Qf7 41. Rf1 Qe7 42. Bb1 Qe8 43. Qe2 Qe7 44. Nd1 Rf7 45. Nf2 Qd8 46. Nd3 Nxd3 47. Bxd3 Bxe1 48. Qxe1 Qb6 49. Rb1 Qb4 50. Kf2 b6 51. Ke2 Rff8 52. Qd2 Kg7 53. Rfc1 Ra5 54. Qc3 Rf6 55. Qd2 Rf7 56. Qc3 Rf6 57. Qd2 Kf7 58. Qc3 Ke7 59. Qd2 Rf8 60. Qc3 Rfa8 61. Qd2 R5a7 62. Qc3 Rc7 63. Qd2 Rcc8 64. Qc3 Rf8 65. Qd2 Rf6 66. Qc3 Raf8 67. Qd2 R6f7 68. Qc3 Ra8 69. Qd2 Ra5 70. Qc3 Rf6 71. Qd2 Rf7 72. Qc3 Rf6 1/2-1/2


[Site "https://www.chess.com"]

[Event "Titled Tuesday Blitz September 20 Late 2022"]
[White "Cukrowski, Filip"]
[Black "Pham, Khoi"]
[WhiteFideId "1171097"]
[BlackFideId "1054988"]
[WhiteElo "2093"]
[BlackElo "2416"]
[Result "0-1"]
[Round "10"]
[TimeControl "180+1"]
[Date "2022.09.20"]
[WhiteClock "0:00:16"]
[BlackClock "0:01:36"]

1. d4 f5 2. g3 Nf6 3. Bg2 g6 4. Nd2 Bg7 5. c3 O-O 6. h4 d6 7. h5 Nxh5 8. Rxh5 gxh5 9. e3 Nc6 10. Qxh5 e6 11. Ngf3 Qf6 12. b4 Ne7 13. Bb2 Qg6 14. Qh1 Bd7 15. Nh4 Qf6 16. Bxb7 Rab8 17. Bg2 c5 18. a3 a5 19. Nc4 axb4 20. cxb4 cxb4 21. d5 e5 22. a4 Rfc8 23. Qf1 Ng6 24. Nf3 Qe7 25. Nfd2 e4 26. Bxg7 Qxg7 27. Ke2 Rc5 28. Qb1 Rxd5 29. Ke1 Qc3 30. Bf1 Ne5 31. Ra2 Nf3+ 32. Kd1 b3 33. Rb2 Rc8 34. Be2 Nxd2 35. Nxd2 Bxa4 36. Qa1 Rxd2+ 0-1


[Site "https://www.chess.com"]

[Event "Titled Tuesday Blitz September 20 Late 2022"]
[White "Fernandez De La Vara, Arnaldo"]
[Black "Nasuta, Grzegorz"]
[WhiteFideId "3518388"]
[BlackFideId "1141686"]
[WhiteElo "2387"]
[BlackElo "2354"]
[Result "1-0"]
[Round "10"]
[TimeControl "180+1"]
[Date "2022.09.20"]
[WhiteClock "0:01:18"]
[BlackClock "0:00:11"]

1. Nf3 Nf6 2. b3 d5 3. Bb2 Bf5 4. g3 h6 5. Bg2 e6 6. O-O c6 7. d3 Be7 8. Nbd2 O-O 9. Qe1 Bh7 10. e4 a5 11. a4 Nbd7 12. Qe2 Qc7 13. Kh1 Nc5 14. Ne5 Na6 15. f4 Nb4 16. Rac1 Rad8 17. g4 Nd7 18. Nxd7 Qxd7 19. f5 dxe4 20. Nxe4 exf5 21. gxf5 Bxf5 22. Rg1 Bg6 23. Bf3 Nd5 24. Rcf1 Kh7 25. Bg4 Qc7 26. Bf5 Nf4 27. Qg4 Bg5 28. Nxg5+ hxg5 29. Qxg5 1-0


[Site "https://www.chess.com"]

[Event "Titled Tuesday Blitz September 20 Late 2022"]
[White "Fiorito, Joaquin"]
[Black "Alexikov, Alexander"]
[WhiteFideId "180173"]
[BlackFideId "14103958"]
[WhiteElo "1758"]
[BlackElo "2222"]
[Result "1-0"]
[Round "10"]
[TimeControl "180+1"]
[Date "2022.09.20"]
[WhiteClock "0:01:30"]
[BlackClock "0:00:16"]

1. d4 Nf6 2. Nc3 g6 3. e4 d6 4. Be3 Bg7 5. Qd2 e5 6. Nge2 Nc6 7. f3 O-O 8. O-O-O Re8 9. g4 exd4 10. Nxd4 Ne5 11. Be2 a6 12. h4 h5 13. gxh5 Nxh5 14. Rhg1 Qxh4 15. f4 Ng4 16. Nf3 Qd8 17. Bd4 Bh6 18. Ng5 Nxf4 19. Bxg4 Bxg5 20. Be3 Nh3 21. Bxh3 Bxe3 22. Qxe3 Qh4 23. Bxc8 Raxc8 24. Rdf1 Re5 25. Nd5 Kg7 26. Rf4 Qh2 27. Rgf1 f5 28. Qc3 1-0


[Site "https://www.chess.com"]

[Event "Titled Tuesday Blitz September 20 Late 2022"]
[White "Gascon Del Nogal, Jose Rafael"]
[Black "Riehle, Marco"]
[WhiteFideId "3902463"]
[BlackFideId "12904392"]
[WhiteElo "2473"]
[BlackElo "2462"]
[Result "0-1"]
[Round "10"]
[TimeControl "180+1"]
[Date "2022.09.20"]
[WhiteClock "0:00:01"]
[BlackClock "0:01:05"]

1. e4 e5 2. Nf3 Nf6 3. Nxe5 Nxe4 4. Qe2 Qe7 5. Qxe4 d6 6. d4 dxe5 7. dxe5 Nc6 8. Nc3 Qxe5 9. Qxe5+ Nxe5 10. Nb5 Bb4+ 11. c3 Ba5 12. Bf4 f6 13. Bxe5 fxe5 14. Bd3 O-O 15. Na3 c6 16. Nc4 Bc7 17. Be4 Be6 18. Ne3 Bb6 19. Ke2 Rad8 20. Bc2 Rxf2+ 21. Kxf2 Rd2+ 22. Kf3 Bxe3 23. Bb3 Bxb3 24. axb3 Bb6 25. Rhe1 Rf2+ 26. Kg3 Rxb2 27. Rab1 Ra2 28. Re4 Rc2 29. c4 Kf7 30. Rf1+ Ke6 31. Rh4 h6 32. Rg4 g5 33. h4 Be3 34. hxg5 hxg5 35. Re4 Bf4+ 36. Kh3 Kf5 37. Ree1 Rc3+ 38. g3 Rxg3+ 0-1


[Site "https://www.chess.com"]

[Event "Titled Tuesday Blitz September 20 Late 2022"]
[White "Gomez Ledo, Roberto Carlos"]
[Black "Pert, Richard G"]
[WhiteFideId "3507076"]
[BlackFideId "404748"]
[WhiteElo "2379"]
[BlackElo "2441"]
[Result "1/2-1/2"]
[Round "10"]
[TimeControl "180+1"]
[Date "2022.09.20"]
[WhiteClock "0:00:15"]
[BlackClock "0:00:25"]

1. d4 Nf6 2. Bf4 d5 3. e3 c5 4. Nf3 Nc6 5. Nbd2 Nh5 6. dxc5 Nxf4 7. exf4 g6 8. c3 Bh6 9. g3 O-O 10. Be2 d4 11. cxd4 Nxd4 12. O-O Bh3 13. Re1 Nxe2+ 14. Qxe2 Re8 15. Ne4 Qa5 16. Nfg5 Bf5 17. Qc4 Rf8 18. b4 Qc7 19. h4 Bg7 20. Rad1 h6 21. Nf3 Bg4 22. Rd3 Rad8 23. Ree3 Be6 24. Qc2 Rxd3 25. Rxd3 Bf5 26. Re3 Rd8 27. a4 Rd5 28. Qe2 a5 29. b5 e6 30. Ne5 Bxe5 31. fxe5 Bxe4 32. Rxe4 Qxc5 33. Kg2 Kg7 34. Kh3 b6 35. h5 g5 36. Kg2 Rd4 37. Rxd4 Qxd4 38. Qe3 Qxa4 39. Qxb6 Qe4+ 40. Kg1 a4 41. Qa6 Qe1+ 42. Kg2 Qe4+ 43. Kg1 Qe1+ 44. Kg2 Qe4+ 45. Kg1 1/2-1/2


[Site "https://www.chess.com"]

[Event "Titled Tuesday Blitz September 20 Late 2022"]
[White "Gubajdullin, Alexei"]
[Black "Becerra, Juan David"]
[WhiteFideId "4141202"]
[BlackFideId "4404998"]
[WhiteElo "2195"]
[BlackElo "2278"]
[Result "1-0"]
[Round "10"]
[TimeControl "180+1"]
[Date "2022.09.20"]
[WhiteClock "0:01:24"]
[BlackClock "0:00:09"]

1. d4 d5 2. Nf3 Nf6 3. Bf4 c5 4. e3 Nc6 5. Nbd2 Bg4 6. c3 e6 7. Qb3 Qb6 8. Qxb6 axb6 9. Bc7 Nd7 10. Bb5 Rc8 11. Bg3 f6 12. O-O Be7 13. c4 h5 14. h3 Bf5 15. dxc5 bxc5 16. Rfe1 Bh7 17. e4 d4 18. e5 Kf7 19. Ne4 Bxe4 20. Rxe4 f5 21. Re2 g5 22. h4 f4 23. Bh2 g4 24. Ng5+ Bxg5 25. hxg5 Ndxe5 26. Bxf4 Ng6 27. Bd6 b6 28. Rae1 Rhe8 29. Ba6 Rcd8 30. Bc7 Rd7 31. Bxb6 d3 32. Rd2 Nce5 33. Bb5 Rb7 34. Bxe8+ Kxe8 35. Bxc5 Rc7 36. Bd6 1-0


[Site "https://www.chess.com"]

[Event "Titled Tuesday Blitz September 20 Late 2022"]
[White "Hansen, Eric"]
[Black "Mladek, Richard"]
[WhiteFideId "2606771"]
[BlackFideId "386588"]
[WhiteElo "2568"]
[BlackElo "2263"]
[Result "1-0"]
[Round "10"]
[TimeControl "180+1"]
[Date "2022.09.20"]
[WhiteClock "0:00:02"]
[BlackClock "0:00:01"]

1. Nf3 d5 2. g3 c5 3. Bg2 Nc6 4. c4 d4 5. O-O Nf6 6. e3 e5 7. exd4 cxd4 8. Re1 Nd7 9. Nxe5 Ncxe5 10. f4 d3 11. fxe5 Bc5+ 12. Kh1 O-O 13. Nc3 Re8 14. b4 Bd4 15. Bb2 Nxe5 16. Na4 Bg4 17. Qb3 Be2 18. Rac1 Ng4 19. h3 Qd6 20. Bxd4 Qxd4 21. Nc3 Qf2 22. Nxe2 Rxe2 23. Rxe2 dxe2 24. hxg4 e1=Q+ 25. Rxe1 Qxe1+ 26. Kh2 Qxd2 27. c5 Qd7 28. Qf3 Rb8 29. g5 g6 30. a3 Qd8 31. Qf4 b6 32. c6 Rc8 33. b5 Qe7 34. a4 Kg7 35. Bh3 Rc7 36. Bg4 h6 37. gxh6+ Kh7 38. Kg2 a6 39. Bf3 axb5 40. axb5 Ra7 41. Bd5 f5 42. Qd2 Rc7 43. Bf3 Ra7 44. Qc2 Rc7 45. Qb2 Ra7 46. Qd4 Kxh6 47. Qxb6 Ra2+ 48. Kf1 Qf7 49. Qe3+ Kh7 50. Qc3 Qe7 51. c7 1-0


[Site "https://www.chess.com"]

[Event "Titled Tuesday Blitz September 20 Late 2022"]
[White "Harvey, Marcus R"]
[Black "Bayo Milagro, Alvaro"]
[WhiteFideId "400092"]
[BlackFideId "22275240"]
[WhiteElo "2485"]
[BlackElo "2270"]
[Result "1-0"]
[Round "10"]
[TimeControl "180+1"]
[Date "2022.09.20"]
[WhiteClock "0:02:02"]
[BlackClock "0:01:57"]

1. Nf3 Nf6 2. b3 e6 3. Bb2 d5 4. g3 Be7 5. Bg2 O-O 6. c4 b6 7. cxd5 Nxd5 8. d4 Bb7 9. O-O Nd7 10. Re1 c5 11. e4 N5f6 12. Nc3 cxd4 13. Nxd4 Qb8 14. Qe2 Nc5 15. e5 Nfd7 16. Nc6 Qe8 17. b4 Bxc6 18. Bxc6 Rc8 19. Bg2 Na6 20. Qxa6 1-0


[Site "https://www.chess.com"]

[Event "Titled Tuesday Blitz September 20 Late 2022"]
[White "Janaszak, Dawid"]
[Black "Bjelobrk, Igor"]
[WhiteFideId "1119206"]
[BlackFideId "4300726"]
[WhiteElo "2165"]
[BlackElo "2335"]
[Result "0-1"]
[Round "10"]
[TimeControl "180+1"]
[Date "2022.09.20"]
[WhiteClock "0:00:01"]
[BlackClock "0:00:18"]

1. d4 d5 2. Bf4 Nf6 3. Nf3 e6 4. e3 Bd6 5. Nbd2 O-O 6. c3 b6 7. h4 c5 8. Bxd6 Qxd6 9. Ne5 Nc6 10. f4 Bb7 11. Bd3 Ne7 12. Qf3 c4 13. Bc2 b5 14. h5 b4 15. O-O Rab8 16. h6 g6 17. a3 bxc3 18. bxc3 Bc6 19. Ra2 Rb7 20. g4 Rfb8 21. f5 exf5 22. gxf5 g5 23. Qg3 g4 24. Qh4 Kf8 25. Qg5 Neg8 26. Qg7+ Ke8 27. e4 Re7 28. a4 Rxe5 29. dxe5 Qxe5 30. Rf2 Qxc3 31. exd5 Bxd5 32. Re2+ Kd7 33. a5 Qg3+ 34. Kf1 Qh3+ 35. Ke1 Qh1+ 36. Nf1 Qh4+ 37. Kd2 Qxh6+ 38. Qxh6 Nxh6 39. Ba4+ Kd6 40. Ng3 Rb1 41. Kc3 Rg1 42. Re3 Rxg3 43. Rxg3 Ne4+ 44. Kd4 Nxg3 45. f6 Nhf5+ 46. Kc3 Ne4+ 47. Kc2 Nxf6 48. Rb2 g3 49. Rb8 g2 50. Rd8+ Ke5 0-1


[Site "https://www.chess.com"]